 Dungeon Crawl Stone Soup version 0.25-a0-317-g5f8687b (webtiles) character file.

Game seed: 8967347968485878072, levelgen mode: deterministic

7427 Buxparty the Blocker (level 10, -3/91 HPs)
             Began as a Deep Dwarf Fighter on Dec 26, 2019.
             Was a Believer of Makhleb.
             Slain by a wraith (5 damage)
             ... led by a death knight
             ... on level 11 of the Dungeon.
             The game lasted 00:49:15 (8274 turns).

Buxparty the Blocker (Deep Dwarf Fighter)           Turns: 8274, Time: 00:49:16

Health: -3/91      AC: 18    Str: 21    XL:     10   Next: 93%
Magic:  0/0        EV: 14    Int:  8    God:    Makhleb [**....]
Gold:   170        SH: 14    Dex: 25    Spells: 9/9 levels left

rFire    . . .     SeeInvis .   T - +2 hand axe "Orb Guardian's Bane" {venom, Fragile rElec Dex+6 Stlth+}
rCold    . . .     Gourm    .   c - +1 shield
rNeg     . . .     Faith    .   C - +3 ring mail
rPois    +         Spirit   .   r - +2 helmet
rElec    +         Reflect  .   (no cloak)
rCorr    .         Harm     .   h - +0 pair of gloves
MR       .....                  H - +2 pair of boots
Stlth    ++++++....             (no amulet)
HPRegen  0.00/turn              Q - ring of poison resistance
MPRegen  0.07/turn              D - +2 ring of dexterity

@: vulnerable, non-regenerating, slowed, very slow
A: damage resistance, heal wounds, talons 1, thin metallic scales 1, thin
skeletal structure 1, low mp 1, sense surroundings 2, no regeneration
a: Heal Wounds, Minor Destruction, Renounce Religion


You were on level 11 of the Dungeon.
You worshipped Makhleb.
Makhleb was pleased with you.
You were not hungry.

You visited 2 branches of the dungeon, and saw 12 of its levels.
You also visited: Ossuary.

You collected 799 gold pieces.
You spent 629 gold pieces at shops.

Inventory:

Hand Weapons
 a - a +0 long sword
 k - a +0 short sword
 p - a +0 dagger of speed
 y - a +1 morningstar of protection
 R - a +4 glaive
 S - a +3 dagger of draining
 T - the +2 hand axe "Orb Guardian's Bane" (weapon) {venom, Fragile rElec Dex+6 Stlth+}
   (You bought it in a shop on level 7 of the Dungeon)

   It poisons the flesh of those it strikes.
   It affects your dexterity (+6).
   It insulates you from electricity.
   It will be destroyed if unequipped.
   It makes you more stealthy.
Armour
 c - a +1 shield (worn)
 e - a +0 leather armour
 h - a +0 pair of gloves (worn)
 r - a +2 helmet (worn)
 s - the +1 chain mail of the Jabberwock {rN+}
   (You found it on level 4 of the Dungeon)

   It protects you from negative energy.
 C - a +3 ring mail (worn)
 H - a +2 pair of boots (worn)
 L - a +0 helmet
Jewellery
 u - an uncursed ring of protection from cold
 D - a +2 ring of dexterity (right hand)
 J - an uncursed ring of protection from fire
 Q - a ring of poison resistance (left hand)
Wands
 x - a wand of paralysis (9)
 I - a wand of polymorph (8)
 N - a wand of flame (17)
 O - a wand of digging (7)
 P - a wand of iceblast (4)
Scrolls
 b - 5 scrolls of amnesia
 i - 6 scrolls of remove curse
 l - a scroll of blinking
 m - 14 scrolls of identify
 q - 4 scrolls of enchant armour
 t - 2 scrolls of fear
 z - a scroll of fog
 A - a scroll of vulnerability {unknown}
 K - a scroll of teleportation
Potions
 d - 2 potions of might
 g - 2 potions of brilliance
 j - a potion of magic
 n - 4 potions of lignification
 v - 2 potions of cancellation
 w - a potion of haste
 B - 2 potions of resistance
 F - 2 potions of curing {unknown}
 M - 2 potions of agility {unknown}
 U - a potion of invisibility {unknown}
Comestibles
 f - 13 rations


   Skills:
 - Level 5.8 Fighting
 - Level 3.7(6.0) Short Blades
 - Level 8.1(8.6) Long Blades
 * Level 5.3 Axes
 - Level 3.2 Armour
 + Level 4.6 Dodging
 * Level 9.6 Stealth
 + Level 9.8 Shields


You had 9 spell levels left.
You didn't know any spells.
Your spell library contained the following spells:

 Spells                   Type           Power        Failure   Level  Hunger
 Corona                   Hex            #......      80%         1    ##.....
 Infusion                 Chrm           #...         80%         1    ##.....
 Shock                    Conj/Air       #...         80%         1    ##.....
 Shroud of Golubria       Chrm/Tloc      #.....       90%         2    ###....
 Slow                     Hex            #.......     90%         2    ###....
 Song of Slaying          Chrm           #.......     90%         2    ###....
 Swiftness                Chrm/Air       #.......     90%         2    ###....
 Inner Flame              Hex/Fire       #.......     99%         3    ####...
 Portal Projectile        Hex/Tloc       #.....       99%         3    ####...
 Spectral Weapon          Hex/Chrm       #.......     99%         3    ####...
 Static Discharge         Conj/Air       #.......     99%         3    ####...
 Airstrike                Air            #.........   100%        4    #####..
 Cause Fear               Hex            #.........   100%        4    #####..
 Leda's Liquefaction      Hex/Erth       #.........   100%        4    #####..
 Lightning Bolt           Conj/Air       #.........   100%        5    ######.
 Regeneration             Chrm/Necr      Unusable     N/A         3    N/A

Dungeon Overview and Level Annotations

Branches:
Dungeon (11/15)            Temple (1/1) D:7            Lair (0/6) D:11
Ossuary (visited)
    Orc: D:9-12

Altars:
Ashenzari
Cheibriados
Dithmenos
Elyvilon
Fedhas
Gozag
Hepliaklqana
Kikubaaqudgha
Makhleb
Nemelex Xobeh
Okawaru
Qazlal
Ru
Sif Muna
Trog
Uskayaw
Vehumet
Wu Jian
Xom
Yredelemnul
Zin
The Shining One

Shops:
D:7 [([


Innate Abilities, Weirdness & Mutations

You are resistant to damage.
You can heal yourself by infusing magical energy.
You passively map the area around you.
You do not regenerate.
You have sharp toenails.
You are partially covered in thin metallic scales. (AC +2)
You have a somewhat thin skeletal structure. (Dex +2, Stealth)
Your magical capacity is low. (-10% MP)


Message History

Your shield prevents you from hitting the phantasmal warrior.
You hit the wraith but do no damage. The wraith hits you but does no damage.
You block the phantasmal warrior's attack.
The death knight hits you but does no damage.
The wraith closely misses you. You block the wraith's attack.
You block the phantasmal warrior's attack.
You closely miss the wraith. You hit the wraith.
You hit the phantasmal warrior but do no damage.
The death knight hits you from afar with a +3 halberd!!
* * * LOW HITPOINT WARNING * * *
The wraith hits you.
* * * LOW HITPOINT WARNING * * *
You block the wraith's attack.
The phantasmal warrior hits you but does no damage.
You block the death knight's attack. The wraith barely misses you.
You hit the wraith but do no damage. x2; You hit the phantasmal warrior.
You block the wraith's attack.
The phantasmal warrior barely misses you.
The wraith hits you!
You die...

, ......*
** ,
......**
####,....#
, #..#
#..# *
#..###..#
, ,
#.......#
, , ,
#.......#
,, ,
#†......#
,
#.####@W#
* , , #.#
#WW# , ,,
#.# #p.# ,
#.# #..# ,
, , #.#
#..# *,,
,,, #.#
#... #.#
#..., , ,
#.# #....
, , , #.#
* , ,


You could see a death knight, a phantasmal warrior and 2 wraiths.

Vanquished Creatures
  Harold (D:7)
  An ugly thing (D:11)
  Joseph (D:8)
  A troll (D:9)
  Prince Ribbit (D:8)
  A meliai (D:10)
  A hippogriff (D:11)
  4 yaks (D:10)
  A wyvern (D:11)
  4 water moccasins
  Edmund (D:5)
  2 orc warriors (D:10)
  2 phantoms
  An ice beast (D:8)
  7 ogres
  4 centaurs
  3 elf zombies (Ossuary)
  A big kobold (D:7)
  2 bullfrogs
  A water moccasin zombie (D:9)
  2 scorpions
  10 killer bees
  3 wights
  A centaur zombie (D:9)
  2 crimson imps
  A quasit (D:8)
  A human zombie (Ossuary)
  5 hounds
  3 jellies
  5 orc priests
  A centaur skeleton (D:5)
  2 bullfrog skeletons
  7 iguanas
  Crazy Yiuf (D:5)
  Terence (D:2)
  5 orc wizards
  A worker ant (D:10)
  A big kobold zombie (Ossuary)
  5 hound zombies
  A hound skeleton (D:4)
  3 mummies (Ossuary)
  A worker ant zombie (D:11)
  8 gnolls
  11 adders
  An ooze (D:5)
  6 adder zombies (Ossuary)
  An adder skeleton (D:9)
  A worm (D:6)
  2 dart slugs
  6 leopard geckos
  21 orcs
  2 ball pythons
  6 giant cockroaches
  13 hobgoblins
  5 jackals
  7 quokkas
  10 bats
  6 frilled lizards
  A gnoll zombie (Ossuary)
  3 goblins
  A goblin skeleton (D:4)
  9 goblin zombies
  8 hobgoblin zombies
  A jackal skeleton (D:4)
  2 jackal zombies (Ossuary)
  13 kobolds
  A kobold skeleton (D:4)
  3 kobold zombies
  An orc skeleton (D:4)
  An orc zombie (Ossuary)
  A quokka skeleton (D:6)
  7 quokka zombies
  6 rats
  2 rat zombies (Ossuary)
268 creatures vanquished.

Notes
Turn   | Place    | Note
-------+----------+-------------------------------------------
     0 | D:1      | Buxparty the Deep Dwarf Fighter began the quest for the
                  | Orb.
     0 | D:1      | Reached XP level 1. HP: 20/20 MP: 1/1
   277 | D:1      | Reached XP level 2. HP: 24/27 MP: 2/2
   857 | D:2      | Noticed Terence
   882 | D:2      | Killed Terence
   882 | D:2      | Reached skill level 1 in Stealth
   882 | D:2      | Reached XP level 3. HP: 30/34 MP: 3/3
  1085 | D:2      | Reached skill level 1 in Short Blades
  1110 | D:2      | Reached XP level 4. HP: 40/42 MP: 4/4
  1242 | D:2      | Found a glowing silver altar of Zin.
  1243 | D:2      | Found a shimmering blue altar of Sif Muna.
  1539 | D:3      | Reached skill level 1 in Dodging
  1698 | D:3      | Reached XP level 5. HP: 39/49 MP: 5/5
  1731 | D:3      | Gained mutation: You occasionally shout uncontrollably at
                  | your foes. [potion of mutation]
  1731 | D:3      | Gained mutation: Your magical capacity is low. (-10% MP)
                  | [potion of mutation]
  1731 | D:3      | Gained mutation: You are partially covered in thin metallic
                  | scales. (AC +2) [potion of mutation]
  1773 | D:3      | Lost mutation: You occasionally shout uncontrollably at
                  | your foes. [potion of mutation]
  1773 | D:3      | Gained mutation: You are partially covered in large bone
                  | plates. (SH +4) [potion of mutation]
  1773 | D:3      | Gained mutation: You have a somewhat thin skeletal
                  | structure. (Dex +2, Stealth) [potion of mutation]
  1773 | D:3      | Lost mutation: You are partially covered in large bone
                  | plates. (SH +4) [potion of mutation]
  1773 | D:3      | Gained mutation: You have sharp toenails. [potion of
                  | mutation]
  2243 | D:4      | Got a smoking chain mail
  2254 | D:4      | Identified the cursed +1 chain mail of the Jabberwock {rN+}
                  | (You found it on level 4 of the Dungeon)
  2391 | D:4      | Found a glowing golden altar of the Shining One.
  2404 | D:4      | Reached XP level 6. HP: 46/56 MP: 5/5
  2629 | D:5      | Entered Level 5 of the Dungeon
  2713 | D:5      | Found a shimmering altar of Xom.
  2723 | D:5      | Reached skill level 5 in Shields
  2758 | D:5      | Reached XP level 7. HP: 42/63 MP: 5/5
  2890 | D:5      | Found a sand-covered staircase.
  2909 | Ossuary  | Entered an ossuary
  2950 | Ossuary  | Reached skill level 5 in Stealth
  3113 | Ossuary  | Reached XP level 8. HP: 50/73 MP: 5/5
  3387 | D:5      | Noticed Edmund
  3424 | D:5      | Killed Edmund
  3500 | D:5      | Found a runed translucent door.
  3501 | D:5      | Noticed Crazy Yiuf
  3510 | D:5      | Killed Crazy Yiuf
  4215 | D:7      | Found Koufrogo's Antique Armour Shoppe.
  4219 | D:7      | Bought a pair of runed boots for 255 gold pieces
  4256 | D:7      | Found a snail-covered altar of Cheibriados.
  4455 | D:7      | Reached skill level 5 in Long Blades
  4568 | D:7      | Found Afer Tec's Weapon Shop.
  4621 | D:7      | Found Bolliff's Armour Shoppe.
  4631 | D:7      | Gained mutation: You passively map the area around you.
                  | [Deep Dwarf growth]
  4631 | D:7      | Reached XP level 9. HP: 63/80 MP: 4/4
  4657 | D:7      | Found a staircase to the Ecumenical Temple.
  4660 | D:7      | Noticed Harold
  4704 | D:7      | Killed Harold
  4704 | D:7      | Reached skill level 5 in Fighting
  4713 | Temple   | Entered the Ecumenical Temple
  4810 | Temple   | Became a worshipper of Makhleb the Destroyer
  5206 | D:8      | Noticed Prince Ribbit
  5226 | D:8      | Killed Prince Ribbit
  5384 | D:8      | Found a shattered altar of Ashenzari.
  5548 | D:8      | Noticed Joseph
  5587 | D:8      | Killed Joseph
  5915 | D:9      | Found a hazy altar of Hepliaklqana.
  5959 | D:9      | Reached XP level 10. HP: 64/88 MP: 5/5
  6042 | D:9      | Found an opulent altar of Gozag.
  6142 | D:9      | Reached * piety under Makhleb
  7150 | D:7      | Bought the +2 hand axe "Orb Guardian's Bane" {venom,
                  | Fragile rElec Dex+6 Stlth+} for 374 gold pieces
  7321 | D:10     | Entered Level 10 of the Dungeon
  7542 | D:10     | Reached ** piety under Makhleb
  7542 | D:10     | Reached skill level 1 in Axes
  8093 | D:11     | Noticed a red ugly thing
  8133 | D:11     | Killed a red ugly thing
  8133 | D:11     | Reached skill level 5 in Axes
  8249 | D:11     | Noticed a death knight
  8256 | D:11     | Noticed a phantasmal warrior
  8273 | D:11     | HP: 2/91 [wraith[a death knight] (4)]
  8274 | D:11     | Slain by a wraith

Levels and vault maps discovered:
D:1:      lightli_iron_boxes, layout_basic
D:2:      layout_rooms, gammafunk_temple_overflow_pools, first_ration,
          minmay_statues_item, chequers_serial_rivers_room_b, uniq_terence
D:3:      layout_rooms
D:4:      layout_rooms, nicolae_tso_besieged_by_evil,
          chequers_serial_rivers_marsh, serial_bayou_pond_a
D:5:      layout_rooms, enter_ossuary_4, dk_xom_monty_hall, uniq_edmund,
          uniq_crazy_yiuf_cottage
D:6:      layout_basic, grunt_ministairs_8
D:7:      layout_loops_corners, minmay_temple_entry_trees, serial_shops,
          shop_statue, nicolae_shop_behind_doors, shop_coins, basic_altar,
          uniq_harold
D:8:      layout_loops_ring, marbit_many_paths, uniq_prince_ribbit1, uniq_joseph
D:9:      layout_grid_maze, nicolae_overflow_crystal_walls,
          grunt_gozag_breadcrumbs
D:10:     layout_irregular_city, grunt_ogre_cave
D:11:     layout_long_grid, david_lair_shrubbed
Temple:   lightli_temple_of_artemis

Skill      XL: |  1  2  3  4  5  6  7  8  9 10 |
---------------+-------------------------------+-----
Fighting       | 3 4 5 |  5.8
Stealth        | 1 2 3 4 5 6 8 9 |  9.6
Short Blades   | 1 2 3 |  3.7
Shields        | 4 5 6 7 8 9 |  9.8
Dodging        | 1 2 3 4 |  4.6
Long Blades    | 5 7 8 |  8.1
Axes           | 5 |  5.3
Armour         | |  3.2

Action                   |  1- 3 |  4- 6 |  7- 9 | 10-12 || total
-------------------------+-------+-------+-------+-------++-------
Melee: Long sword        |    17 |    74 |   595 |   248 ||   934
       Short sword       |    77 |       |       |       ||    77
       Dagger            |    37 |   198 |       |       ||   235
       Kick              |       |    48 |   147 |       ||   195
       Hand axe          |       |       |       |   166 ||   166
 Abil: Heal Wounds       |     2 |     4 |    10 |    15 ||    31
  Use: Scroll            |     2 |     6 |       |     4 ||    12
       Potion            |       |     4 |       |     6 ||    10
 Stab: Sleeping          |       |     1 |     2 |    10 ||    13
  Eat: Chunk             |       |     4 |       |       ||     4
       Ration            |       |     1 |     4 |     2 ||     7
Armor: Leather armour    |    35 |    26 |       |       ||    61
       Scale mail        |     2 |       |       |       ||     2
       Chain mail        |       |    50 |   294 |   165 ||   509
       Ring mail         |       |       |       |    55 ||    55
Dodge: Dodged            |    40 |    92 |   148 |   202 ||   482
Block: Shield            |    65 |   115 |   427 |   401 ||  1008
       Rpst.: Long sword |     1 |     7 |    45 |    27 ||    80

Table legend:
 A = Non-vault XP
 B = Vault XP
 C = Vault XP percentage of total XP
 D = Non-vault monster count
 E = Vault monster count
 F = Vault count percentage of total count
                 A         B        C        D         E       F
            +---------+---------+-------+---------+---------+-------
      Total |    7673 |    2938 |  27.7 |     203 |      65 |  24.3
            +---------+---------+-------+---------+---------+-------
        D:1 |      18 |       0 |   0.0 |      12 |       0 |   0.0
        D:2 |      96 |      38 |  28.4 |      28 |       1 |   3.4
        D:3 |      78 |       0 |   0.0 |      23 |       0 |   0.0
        D:4 |     307 |      59 |  16.1 |      11 |      12 |  52.2
        D:5 |     552 |     273 |  33.1 |      18 |       7 |  28.0
        D:6 |     317 |       1 |   0.3 |      10 |       1 |   9.1
        D:7 |     563 |     970 |  63.3 |      20 |       1 |   4.8
        D:8 |     532 |     923 |  63.4 |      10 |       3 |  23.1
        D:9 |    2017 |       0 |   0.0 |      40 |       0 |   0.0
       D:10 |    2076 |     125 |   5.7 |      23 |       1 |   4.2
       D:11 |    1117 |       0 |   0.0 |       8 |       0 |   0.0
    Ossuary |       0 |     549 | 100.0 |       0 |      39 | 100.0
            +---------+---------+-------+---------+---------+-------
